 Dungeon Crawl Stone Soup version 0.30-a0-591-g3c58d2bc28 (webtiles) character file.

Game seed: 14486708659048514045

10505 Zonian the Slicer (level 11, -7/60 HPs)
             Began as a Vine Stalker Brigand on Jan 6, 2023.
             Was a Believer of Uskayaw.
             Killed from afar by an oklob plant (18 damage)
             ... with a splash of acid
             ... on level 11 of the Dungeon.
             The game lasted 00:30:56 (12206 turns).

Zonian the Slicer (Vine Stalker Brigand)           Turns: 12206, Time: 00:30:57

Health: -7/60      AC:  0    Str: 14    XL:     11   Next: 63%
Magic:  0/24       EV: 13    Int: 15    God:    Uskayaw [**....]
Gold:   495        SH:  5    Dex: 18    Spells: 10/10 levels left

rFire   . . .      SeeInvis .    B - +9 short sword of the Wasteland {heavy, Str+2 Int+4}
rCold   + + +      Faith    .    K - +0 buckler
rNeg    . . .      Spirit   +    R - +1 robe {Will+}
rPois   +          Reflect  .    (no helmet)
rElec   .          Harm     .    N - +2 cloak {Stlth+}
rCorr   .          Rampage  .    j - +0 pair of gloves
Will    ++...                    C - +0 pair of boots
Stlth   +++++                    (no amulet)
HPRegen 1.10/turn                D - ring of Zoesm {rPois rC+++ MP+9 Str-2 Dex-2}
MPRegen 0.19/turn                i - ring of protection from cold

@: corroded
A: fangs 3, regeneration 1, magic shield, antimagic bite, no potion heal 2
a: Renounce Religion, Stomp, Line Pass


You were on level 11 of the Dungeon.
You worshipped Uskayaw.
Uskayaw was noncommittal.
You visited 2 branches of the dungeon, and saw 12 of its levels.

You collected 720 gold pieces.
You spent 225 gold pieces at shops.

Inventory:

Hand Weapons
 a - a +3 dagger
 g - a +0 rapier
 h - a +0 short sword
 n - a +2 spear of venom
 r - a +2 short sword of holy wrath
 y - a +0 war axe of freezing
 B - the +9 short sword of the Wasteland (weapon) {heavy, Str+2 Int+4}
   (You found it on level 8 of the Dungeon)

   Str:       It affects your strength (+2).
   Int:       It affects your intelligence (+4).
 I - a +3 short sword of freezing
 M - the +9 hammer of Mosaidai {holy, Fly rN+ Str+3 Stlth-}
   (You found it on level 7 of the Dungeon)

   Str:       It affects your strength (+3).
   rN:        It protects you from negative energy.
   Fly:       It grants you flight.
   Stlth:     It makes you less stealthy.
 Q - a +4 scimitar of flaming
 W - the +5 sling of the Smoking Dove {drain, Will+ Int+7 Dex-4}
   (You bought it in a shop on level 2 of the Dungeon)

   Int:       It affects your intelligence (+7).
   Dex:       It affects your dexterity (-4).
   Will:      It increases your willpower.
Missiles
 d - 32 poisoned darts (quivered)
 e - 4 curare-tipped darts
 s - 11 boomerangs
 L - 4 javelins
 U - 5 atropa-tipped darts
Armour
 b - a +0 robe
 j - a +0 pair of gloves (worn)
 C - a +0 pair of boots (worn)
 K - a +0 buckler (worn)
 N - a +2 cloak of stealth (worn)
 R - a +1 robe of willpower (worn)
Jewellery
 i - a ring of protection from cold (right hand)
 p - a ring of willpower
 D - the ring of Zoesm (left hand) {rPois rC+++ MP+9 Str-2 Dex-2}
   (You took it off an orc on level 5 of the Dungeon)

   [ring of magical power]

   Str:       It affects your strength (-2).
   Dex:       It affects your dexterity (-2).
   rC:        It renders you almost immune to cold.
   rPois:     It protects you from poison.
   MP:        It affects your magic capacity (+9).
 T - a ring of positive energy
 V - a ring of wizardry
Wands
 w - a wand of flame (33)
 E - a wand of paralysis (13)
 F - a wand of light (11)
 J - a wand of iceblast (20)
 S - a wand of polymorph (8)
Scrolls
 l - 3 scrolls of fear
 q - a scroll of amnesia
 t - a scroll of enchant weapon
 A - a scroll of magic mapping
 G - 2 scrolls of teleportation
 H - a scroll of fog
Potions
 c - a potion of invisibility
 f - 2 potions of berserk rage
 k - a potion of flight
 m - a potion of lignification
 o - a potion of magic
 u - a potion of might
 v - 5 potions of curing
 x - 2 potions of mutation
 z - 2 potions of haste
 O - a potion of brilliance {unknown}
 P - a potion of attraction


   Skills:
 - Level 8.0 Fighting
 - Level 10.0 Short Blades
 - Level 1.9 Throwing
 - Level 4.0 Dodging
 - Level 6.4 Stealth
 - Level 4.0 Shields
 - Level 5.0 Invocations
 + Level 7.1 Evocations


You had 10 spell levels left.
You didn't know any spells.
Your spell library contained the following spells:

 Spells                   Type           Power      Damage    Failure   Level
 Dazzling Flash           Conj/Hex       0%         N/A       71%         3
 Hailstorm                Conj/Ice       0%         3d3       71%         3
 Ice Form                 Ice/Tmut       0%         N/A       98%         4
 Agony                    Necr           0%         N/A       100%        5
 Silence                  Hex/Air        0%         N/A       100%        5
 Simulacrum               Ice/Necr       0%         N/A       100%        6


Dungeon Overview and Level Annotations

Branches:
Dungeon (11/15)            Temple (1/1) D:7            Lair (0/5) D:11
    Orc (0/2) D:10

Altars:
Cheibriados
Dithmenos
Elyvilon
Hepliaklqana
Kikubaaqudgha
Nemelex Xobeh
Okawaru
Ru
Uskayaw
Vehumet
Wu Jian
Xom
The Shining One

Shops:
D:2 (

Annotations:
D:6 Dowan, Duvessa
D:10 exclusion: ice statue
D:11 exclusion: 2 oklob plants


Innate Abilities, Weirdness & Mutations

You have razor-sharp teeth.
Your natural rate of healing is unusually fast.
When hurt, damage is shared between your health and your magic reserves.
Your bite disrupts and absorbs the magic of your enemies.
Potions cannot restore your health.


Message History

You hit the oklob plant.
You bite the oklob plant, but do no damage.
The oklob plant is moderately damaged.
You hit the oklob plant but do no damage.
You bite the oklob plant, but do no damage.
The oklob plant is moderately damaged.
The oklob plant spits acid at you. The splash of acid hits you!!
You puncture the oklob plant!
The oklob plant is heavily damaged.
The oklob plant spits acid at you. The splash of acid hits you!!
* * * LOW HITPOINT WARNING * * *
The acid corrodes you!
You can now pass through a line of other dancers.
You hit the oklob plant but do no damage.
The oklob plant is heavily damaged.
Unknown command.
Aiming: Polymorph
Press: ? - help, Shift-Dir - straight line, f - oklob plant
Aim: an oklob plant (heavily damaged, will become a wandering mushroom, a shambling mangrove, or a ballistomycete, chance to affect: 49%)
Okay, then.
Level annotation: exclusion: 2 oklob plants Welcome back, Zonian the Vine Stalker Brigand.
Uskayaw says: Surrender yourself to the rhythm!
Press ? for a list of commands and other information.
Aiming: Bolt of Light
Press: ? - help, Shift-Dir - straight line, f - oklob plant
Aim: an oklob plant (heavily damaged, 100% to hit)
The bolt of light hits the oklob plant!
The oklob plant is severely damaged.
The oklob plant is blinded.
The bolt of light hits the plant!!
The plant begins to die.
The plant is lightly damaged.
The plant is blinded.
The bolt of light hits the oklob plant!
The oklob plant is lightly damaged.
The oklob plant is blinded.
The oklob plant spits acid at you. The splash of acid hits you!!
You die...

#....#####
#...#...≈.. ..
#.....#...# ...
#....##PPP##...
#..#...PPPP..#
#..#≈.PP>PP.≈#
#..#...PPPP..
#....##.PP#
#.....#@.$#...
#...#..$≈...#
#....#######...
#....# . ######


You could see 2 oklob plants.

Vanquished Creatures
  Erica (D:9)
  3 two-headed ogres
  A deep elf pyromancer (D:11)
  2 gargoyles
  2 trolls (D:9)
  A hornet (D:11)
  9 yaks
  A vampire (D:9)
  A wyvern (D:10)
  3 wraiths
  3 vampire mosquitoes (D:10)
  Edmund (D:6)
  An acid dragon (D:10)
  3 water moccasins
  3 orc warriors
  An ice beast (D:7)
  5 black bears
  2 centaurs (D:9)
  A phantom (D:4)
  5 kobold brigands
  A necrophage (D:4)
  2 gnoll sergeants
  2 scorpions
  5 wights (D:8)
  10 killer bees
  5 howler monkeys
  4 jellies
  8 orc priests
  3 hounds
  Crazy Yiuf (D:7)
  A gnoll bouda (D:9)
  6 iguanas
  8 orc wizards
  Robin (D:2)
  8 gnolls
  11 adders
  A shadow imp (D:7)
  A white imp (D:6)
  An ufetubus (D:7)
  3 worms
  A dart slug (D:1)
  33 orcs
  6 ball pythons
  12 endoplasms
  2 giant cockroaches
  12 goblins
  8 hobgoblins
  4 jackals (D:1)
  22 kobolds
  6 quokkas
  6 bats
  2 frilled lizards (D:2)
  5 rats
250 creatures vanquished.

Vanquished Creatures (others)
  A plant (D:2)
1 creature vanquished.

Grand Total: 251 creatures vanquished

Notes
Turn   | Place    | Note
-------+----------+-------------------------------------------
     0 | D:1      | Zonian the Vine Stalker Brigand began the quest for the
                  | Orb.
     0 | D:1      | Reached XP level 1. HP: 11/11 MP: 2/2
   158 | D:1      | Reached skill level 1 in Dodging
   158 | D:1      | Reached skill level 5 in Stealth
   158 | D:1      | Reached XP level 2. HP: 15/15 MP: 3/3
   166 | D:1      | Reached skill level 2 in Short Blades
   284 | D:1      | Reached XP level 3. HP: 10/18 MP: 4/4
  1567 | D:2      | Gained mutation: Your natural rate of healing is unusually
                  | fast. [Vine Stalker growth]
  1567 | D:2      | Reached XP level 4. HP: 23/23 MP: 5/5
  1636 | D:2      | Noticed Robin
  1649 | D:2      | Killed Robin
  1659 | D:2      | Reached skill level 3 in Short Blades
  1710 | D:2      | Found Yklac's Antique Weapon Boutique.
  1945 | D:2      | Found a faded altar of an unknown god.
  3020 | D:3      | Reached XP level 5. HP: 18/26 MP: 4/6
  3343 | D:3      | Found a glowing golden altar of the Shining One.
  3453 | D:3      | Reached skill level 4 in Short Blades
  3937 | D:3      | Reached XP level 6. HP: 30/30 MP: 5/7
  4134 | D:2      | Bought a glowing short sword for 108 gold pieces
  4611 | D:4      | Reached skill level 5 in Short Blades
  4636 | D:4      | Noticed a black bear
  4901 | D:4      | Reached skill level 6 in Short Blades
  4901 | D:4      | Reached XP level 7. HP: 28/35 MP: 4/8
  5361 | D:5      | Entered Level 5 of the Dungeon
  5957 | D:5      | Reached skill level 7 in Short Blades
  6261 | D:5      | Identified the ring of Zoesm {rPois rC+++ MP+9 Str-2 Dex-2}
  6294 | D:5      | Gained mutation: You have razor-sharp teeth. [Vine Stalker
                  | growth]
  6294 | D:5      | Reached XP level 8. HP: 39/39 MP: 9/9
  6757 | D:6      | Noticed Edmund
  6767 | D:6      | Killed Edmund
  6768 | D:6      | Reached skill level 8 in Short Blades
  7232 | D:6      | Reached skill level 9 in Short Blades
  7493 | D:6      | Noticed Duvessa
  7493 | D:6      | Noticed Dowan
  7782 | D:7      | Noticed a wraith
  7975 | D:7      | Killed a wraith
  7976 | D:7      | Reached XP level 9. HP: 42/42 MP: 10/10
  8019 | D:7      | Found a staircase to the Ecumenical Temple.
  8031 | Temple   | Entered the Ecumenical Temple
  8063 | Temple   | Became a worshipper of Uskayaw the Reveller
  8098 | D:7      | Reached * piety under Uskayaw
  8099 | D:7      | Reached skill level 10 in Short Blades
  8099 | D:7      | Reached skill level 1 in Shields
  8099 | D:7      | Reached skill level 1 in Invocations
  8207 | D:7      | Found a runed translucent door.
  8208 | D:7      | Noticed Crazy Yiuf
  8218 | D:7      | Killed Crazy Yiuf
  8222 | D:7      | Identified the +9 hammer of Mosaidai {holy, Fly rN+ Str+3
                  | Stlth-}
  8435 | D:7      | Reached ** piety under Uskayaw
  8442 | D:7      | Reached *** piety under Uskayaw
  8447 | D:7      | Reached **** piety under Uskayaw
  9077 | D:8      | Identified the +9 short sword of the Wasteland {heavy,
                  | Str+2 Int+4}
  9623 | D:8      | You fall into a shaft and drop 1 floor!
  9633 | D:9      | Noticed Erica
  9645 | D:9      | Killed Erica
  9646 | D:9      | Reached skill level 5 in Invocations
  9646 | D:9      | Reached XP level 10. HP: 36/49 MP: 14/14
  9721 | D:9      | Reached skill level 5 in Fighting
  9726 | D:9      | Noticed a two-headed ogre
  9729 | D:9      | Reached ***** piety under Uskayaw
  9732 | D:9      | Killed a two-headed ogre
 10174 | D:9      | Found an ancient bone altar of Kikubaaqudgha.
 10177 | D:9      | Found a shimmering altar of Xom.
 10745 | D:9      | Reached ****** piety under Uskayaw
 10846 | D:10     | Entered Level 10 of the Dungeon
 11034 | D:10     | Noticed a gargoyle
 11041 | D:10     | Killed a gargoyle
 11042 | D:10     | Reached skill level 1 in Evocations
 11042 | D:10     | Reached XP level 11. HP: 49/60 MP: 15/15
 11122 | D:10     | Noticed a two-headed ogre
 11131 | D:10     | Killed a two-headed ogre
 11440 | D:10     | Noticed a centaur warrior
 11440 | D:10     | Noticed a centaur warrior
 11493 | D:10     | Found a staircase to the Orcish Mines.
 11682 | D:2      | Bought a warped sling for 117 gold pieces
 11682 | D:2      | Identified the +5 sling of the Smoking Dove {drain, Will+
                  | Int+7 Dex-4} (You bought it in a shop on level 2 of the
                  | Dungeon)
 12039 | D:11     | Reached skill level 5 in Evocations
 12070 | D:11     | Noticed a deep elf pyromancer
 12074 | D:11     | Noticed a two-headed ogre
 12075 | D:11     | Killed a deep elf pyromancer
 12080 | D:11     | Killed a two-headed ogre
 12181 | D:11     | Noticed an oklob plant
 12183 | D:11     | Found a staircase to the Lair.
 12194 | D:11     | Noticed an oklob plant
 12206 | D:11     | Killed from afar by an oklob plant

Illustrated notes

Levels and vault maps discovered:
D:1:      evilmike_arrival_plus, layout_basic, minivault_4, minivault_14,
          st_stairs_4
D:2:      layout_basic, serial_shops, shop, chequers_ecumenical_altar_lobes,
          uniq_robin
D:3:      layout_loops_ring, tso_altar
D:4:      layout_loops_cross
D:5:      layout_loops_cross, wad_floor_pattern_2, nicolae_fountain_basement
D:6:      layout_basic, uniq_edmund, uniq_duvessa
D:7:      layout_loops_ring, minmay_temple_entry_proselytizer,
          grunt_ministairs_6, uniq_crazy_yiuf_cottage
D:8:      layout_rooms
D:9:      layout_roguey, mainiacjoe_overflow_divided_tiny,
          kennysheep_kite_vault, uniq_erica
D:10:     minmay_shrinking_squares, layout_long_grid, orc_0_dummy, minivault_16,
          minivault_19
D:11:     layout_basic, dpeg_oklobed_lair, grunt_decor_resistance
Temple:   compressed_dpeg_triangle_lava_temple

Skill      XL: |  1  2  3  4  5  6  7  8  9 10 11 |
---------------+----------------------------------+-----
Fighting       | 2 4 8 |  8.0
Dodging        | 1 4 |  4.0
Stealth        | 5 6 |  6.4
Short Blades   | 2 3 4 6 7 9 10 | 10.0
Shields        | 4 |  4.0
Invocations    | 5 |  5.0
Evocations     | 1 7 |  7.1
Throwing       | |  1.9

Action                   |  1- 3 |  4- 6 |  7- 9 | 10-12 || total
-------------------------+-------+-------+-------+-------++-------
Melee: Dagger            |    79 |   231 |   229 |       ||   539
       Bite              |    15 |    63 |    77 |    46 ||   201
       Punch             |       |     4 |     1 |       ||     5
       Short sword       |       |       |    45 |   178 ||   223
Throw: Boomerang         |       |     1 |     3 |       ||     4
       Javelin           |       |       |     4 |       ||     4
       Dart              |       |       |     1 |       ||     1
Evoke: Wand              |       |       |     2 |     5 ||     7
  Use: Scroll            |     1 |    10 |     9 |     6 ||    26
       Potion            |       |       |     1 |     1 ||     2
 Stab: Sleeping          |     7 |    10 |    20 |    12 ||    49
       Distracted        |       |     2 |     3 |       ||     5
       Invisible         |       |       |     3 |     1 ||     4
       Paralysed         |       |       |     8 |    11 ||    19
Armor: Robe              |    25 |    34 |    46 |    29 ||   134
Dodge: Dodged            |    49 |    82 |    75 |    69 ||   275
Block: Buckler           |       |       |    14 |    25 ||    39

Table legend: (Time is in decaauts)
 A = Elapsed time spent in this place.
 B = Non-inter-level travel time spent in this place.
 C = Inter-level travel time spent in this place.
 D = Time resting spent in this place.
 E = Time spent auto-exploring this place.
 F = Levels seen in this place.
 G = Mean time per level.
                   A        B        C        D        E       F      G
               +--------+--------+--------+--------+--------+-----+--------+
         Total |  11993 |  11213 |    780 |   3207 |   5035 |  12 |  999.4 |
       Dungeon |  11948 |  11181 |    767 |   3207 |   5012 |  11 | 1086.2 |
        Temple |     45 |     32 |     13 |      0 |     23 |   1 |   45.0 |
               +--------+--------+--------+--------+--------+-----+--------+

Top non-repeatable levels by time:
     D:2: 2218 daAuts
     D:5: 1223 daAuts
     D:7: 1202 daAuts
     D:4: 1193 daAuts
     D:6: 1108 daAuts
     D:3: 1097 daAuts
     D:1: 1069 daAuts
     D:9: 1028 daAuts
     D:8: 891 daAuts
    D:10: 727 daAuts
    D:11: 187 daAuts
  Temple: 45 daAuts
